Map: Polka LE

Players

qqq - Winner!

  • Race: Zerg Zerg
  • League: Platinum
  • Spawn Location: 5:00

Massa - Winner!

  • Race: Terran Terran
  • League: Platinum
  • Spawn Location: 5:00

Newil

  • Race: Protoss Protoss
  • Spawn Location: 11:00

mrBochasCze

  • Race: Terran Terran
  • League: Diamond
  • Spawn Location: 11:00

VOD

Have the link to the VOD?

Description

Time

  • Played on: Dec. 9, 2020, 2:29 p.m.
  • Length: 3:55
Show
View Real Time Build Order
Export as new Build Order

qqq Zerg - Winner!

Build Orders: Pool First 

Get SALT Encoding   

  12  0:05  Drone  
  13  0:12  Drone  
  14  0:19  Overlord  
  14  0:42  Spawning Pool  
  13  1:07  Hatchery  
  13  1:10  Drone  
  13  1:12  Drone  
  13  1:13  Extractor  
  13  1:17  Drone  
  14  1:31  Queen  
  16  1:35  Drone  
  16  1:38  Drone  
  18  1:49  Drone  
  19  1:59  Zergling x2  
  20  2:05  Zergling x2  
  21  2:14  Zergling x2  
  22  2:19  Queen  
  24  2:25  Zergling x2  
  24  2:27  Overlord  
  25  2:38  Zergling x2  
  26  2:49  Zergling x2  
  26  3:03  Zergling x4  
  28  3:07  Zergling x4  
  28  3:08  Zergling x8  
  32  3:21  Zergling x2  
Show
View Real Time Build Order
Export as new Build Order

Massa Terran - Winner!

Build Orders: Command Center First (CC) 

Get SALT Encoding   

  12  0:00  SCV  
  13  0:12  SCV  
  14  0:24  SCV  
  15  0:57  Command Center  
  15  1:01  Supply Depot  
  15  1:07  Engineering Bay  
  15  1:16  Refinery  
  15  1:23  SCV  
  16  1:35  SCV  
  16  1:37  Refinery  
  17  1:47  SCV, Barracks  
  18  1:59  SCV  
  19  2:10  Supply Depot  
  19  2:11  SCV  
  20  2:27  SCV  
  21  2:39  Planetary Fortress  
  21  2:42  Barracks  
  21  2:43  Reaper  
  22  2:57  Orbital Command  
  22  3:24  SCV  
  22  3:36  SCV  
Show
View Real Time Build Order
Export as new Build Order

Newil Protoss 

Build Orders:  

Get SALT Encoding   

  12  0:00  Probe  
  13  0:12  Probe  
  14  0:20  Pylon  
  14  0:24  Probe  
  15  0:38  Probe  
  15  0:41  Gateway  
  16  0:48  Assimilator  
  16  0:50  Probe  
  17  1:03  Probe  
  18  1:08  Assimilator  
  18  1:15  Probe  
  19  1:27  Probe  
  19  1:28  Cybernetics Core  
  20  1:39  Probe  
  21  1:42  Pylon  
  21  1:51  Probe  
  22  2:03  Probe  
  22  2:05  Stargate  
  23  2:15  Probe  
  24  2:20  Stargate  
  25  2:30  Probe  
  25  2:31  Shield Battery  
  25  3:03  Stalker  
  16  3:24  Probe  
Show
View Real Time Build Order
Export as new Build Order

mrBochasCze Terran 

Build Orders:  

Get SALT Encoding   

  12  0:00  SCV  
  13  0:13  SCV  
  14  0:18  Supply Depot  
  14  0:25  SCV  
  15  0:39  SCV  
  15  0:41  Barracks  
  16  0:49  Refinery  
  16  0:51  SCV  
  17  1:03  SCV  
  18  1:15  SCV  
  19  1:28  SCV  
  19  1:32  Reaper  
  21  1:40  Orbital Command  
  21  1:44  Command Center  
  21  1:50  Refinery  
  21  2:00  Supply Depot  
  21  2:08  SCV  
  22  2:10  Barracks Reactor  
  22  2:20  SCV  
  23  2:29  Factory  
  23  2:32  SCV  
  24  2:44  SCV  
  24  2:47  Marine  
  24  2:48  Marine  
  27  2:52  Bunker  
  27  2:58  Bunker  
  27  3:03  SCV, Orbital Command  
  27  3:04  Supply Depot  
  28  3:26  Marine x2  
  25  3:35  SCV x2  
Tags
 
Add a new tag
Caveats
  • Supply blocks, unpowered buildings, or Contaminate may cause inaccurate times.
  • Supply counts are checked every 10 seconds.